 Dungeon Crawl Stone Soup version 0.19-a0-1254-gb9c29c0 (webtiles) character file.

144 st0uf the Grasshopper (level 5, -2/44 HPs)
             Began as a Centaur Warper on Aug 27, 2016.
             Slain by an orc priest
             ... wielding a +2 mace of protection
              (6 damage)
             ... on level 2 of the Dungeon.
             The game lasted 00:17:36 (3248 turns).

st0uf the Grasshopper (Centaur Warper)              Turns: 3248, Time: 00:17:37

Health: -2/44      AC:  5    Str: 15    XL:     5   Next: 5%
Magic:  8/8        EV:  9    Int: 12    God:
Gold:   77         SH:  0    Dex:  8    Spells: 3 memorised, 3 levels left

rFire  . . .     SeeInvis .     a - +0 spear
rCold  . . .     Gourm    .     b - +0 leather armour
rNeg   . . .     Faith    .     (no shield)
rPois  .         Spirit   .     (no helmet)
rElec  .         Dismiss  .     (no cloak)
rCorr  .         Reflect  .     u - +0 pair of gloves
MR     .....     Harm     .     (no barding)
Stlth  ..........               (no amulet)
                                (no ring)
                                (no ring)

@: very quick
A: hooves 3, deformed body, speed 2, tough skin 3
a: no special abilities


You were on level 2 of the Dungeon.
You were hungry.

You visited 1 branch of the dungeon, and saw 3 of its levels.

You collected 77 gold pieces.

Inventory:

Hand Weapons
 a - a +0 spear (weapon)
 i - a +0 shortbow
Missiles
 e - 5 tomahawks of dispersal (quivered)
 n - 8 arrows
Armour
 b - a +0 leather armour (worn)
 u - a +0 pair of gloves (worn)
Jewellery
 o - an uncursed amulet of harm {unknown}
 r - an uncursed amulet of magic regeneration {unknown}
Scrolls
 d - a scroll of blinking
 g - 4 scrolls of remove curse {unknown}
 j - 2 scrolls of random uselessness {unknown}
 t - a scroll of magic mapping {unknown}
Potions
 h - 2 potions of curing {unknown}
 k - a potion of invisibility {unknown}
 m - a potion of resistance {unknown}
 q - a potion of ambrosia {unknown}
Books
 c - a book of Spatial Translocations

   Spells                             Type                      Level
   a - Apportation                    Translocation                1
   b - Blink                          Translocation                2
   c - Shroud of Golubria             Charms/Translocation         2
   d - Portal Projectile              Translocation                3
   e - Teleport Other                 Translocation                3
   f - Passage of Golubria            Translocation                4
Comestibles
 f - 2 bread rations
 l - 3 meat rations
 p - a beef jerky


   Skills:
 + Level 2.8 Fighting
 + Level 2.3 Polearms
 + Level 0.3 Bows
 + Level 1.1 Throwing
 + Level 1.2 Armour
 + Level 2.1 Dodging
 + Level 2.1 Spellcasting
 + Level 3.3 Translocations


You had 3 spell levels left.
You knew the following spells:

 Your Spells              Type           Power        Failure   Level  Hunger
a - Apportation           Tloc           #.........   12%         1    ##.....
b - Shroud of Golubria    Chrm/Tloc      #.........   28%         2    ###....
c - Blink                 Tloc           N/A          14%         2    ###....


Dungeon Overview and Level Annotations

Branches:
Dungeon (3/15)

Altars:
Ashenzari
Dithmenos
Makhleb


Innate Abilities, Weirdness & Mutations

You have hooves in place of feet.
Armour fits poorly on your strangely shaped body.
You cover ground very quickly.
You have extremely tough skin. (AC +3)


Message History

The orc priest is heavily wounded.
The bat hits you but does no damage.
You hit the orc priest.
You kick the orc priest, but do no damage.
The orc priest is severely wounded.
The bat hits you but does no damage.
The orc priest hits you with a mace of protection.
* * * LOW HITPOINT WARNING * * *
You hit the orc priest but do no damage.
The orc priest is severely wounded.
The orc priest mumbles some strange prayers to Beogh against you.
Pain shoots through your body!
* * * LOW HITPOINT WARNING * * *
The bat closely misses you.
Unknown command.
You completely miss the orc priest. Your kick misses the orc priest.
The orc priest is severely wounded.
The bat barely misses you.
The orc priest hits you with a mace of protection.
You die...

..###.#.#########....#
.####................#
.(.(....#....####....#
######.#####.#########
######..## #.....#
.........####....#
#######.....#....# #####
####..........b..# #...#
.....###.......o@###...#
###########.##)........#
###.............####...#
....#########.### #####
..............#
###############


You could see an orc priest and a bat.

Vanquished Creatures
  A hound (D:2)
  Jessica (D:2)
  5 adders
  A worm (D:2)
  2 dart slugs (D:1)
  An orc (D:3)
  4 giant cockroaches (D:1)
  3 goblins
  6 hobgoblins
  6 bats
  4 giant newts (D:1)
  4 kobolds
  7 rats
45 creatures vanquished.

Notes
Turn   | Place    | Note
-------+----------+-------------------------------------------
     0 | D:1      | st0uf the Centaur Warper began the quest for the Orb.
     0 | D:1      | Reached XP level 1. HP: 17/17 MP: 3/3
   211 | D:1      | Reached skill level 3 in Translocations
   245 | D:1      | Reached XP level 2. HP: 24/24 MP: 4/4
   418 | D:1      | You fall through a shaft!
   717 | D:1      | Reached XP level 3. HP: 27/29 MP: 5/5
  1305 | D:2      | Found a faded altar of an unknown god.
  1367 | D:1      | Learned a level 2 spell: Shroud of Golubria
  1370 | D:1      | Learned a level 2 spell: Blink
  1493 | D:2      | Reached XP level 4. HP: 23/37 MP: 5/7
  1643 | D:2      | Found a shattered altar of Ashenzari.
  1762 | D:2      | Noticed Jessica
  1774 | D:2      | Killed Jessica
  1774 | D:2      | Reached skill level 1 in Armour
  2089 | D:2      | Found a shadowy altar of Dithmenos.
  2245 | D:2      | Reached XP level 5. HP: 31/44 MP: 8/8
  2267 | D:2      | Found a burning altar of Makhleb.
  2405 | D:2      | HP: 1/44 [orc priest/divine providence (14)]
  3248 | D:2      | Slain by an orc priest

Vault maps used:
D:1:      ncdulo_watergridlock
D:2:      evilmike_ruin_ashenzari, lemuel_doored_altar,
          makhleb_heckhound_becter, ecumenical_altar_2, first_bread,
          minmay_tetromino_s4, uniq_jessica
D:3:      nicolae_overflow_hidden_temple, overflow_temple_1_default,
          uniq_sigmund

Skill      XL: |  1  2  3  4 |
---------------+-------------+-----
Translocations | 3 |  3.3
Polearms       | 2 |  2.3
Spellcasting   | 2 |  2.1
Dodging        | 2 |  2.1
Armour         | 1 |  1.2
Fighting       | |  2.8
Bows           | |  0.3
Throwing       | |  1.1

Action                   |  1- 3 |  4- 6 || total
-------------------------+-------+-------++-------
Melee: Spear             |   138 |   117 ||   255
       Kick              |    12 |    14 ||    26
 Fire: Shortbow          |       |    29 ||    29
 Cast: Apportation       |     9 |     5 ||    14
       Blink             |     2 |       ||     2
  Eat: Chunk             |     1 |     5 ||     6
Armor: Leather armour    |    44 |    40 ||    84
Dodge: Dodged            |    65 |    36 ||   101
